 Dungeon Crawl Stone Soup version 0.31-a0-200-gbc41564c69 (webtiles) character file.

Game seed: 18322488716485674948

438 qw the Skirmisher (level 6, 0/35 HPs)
             Began as a Deep Elf Hunter on June 25, 2023.
             Killed from afar by an orc wizard (4 damage)
             ... with a magic dart
             ... on level 4 of the Dungeon.
             The game lasted 00:01:12 (2525 turns).

qw the Skirmisher (Deep Elf Hunter)                 Turns: 2525, Time: 00:01:12

Health: 0/35       AC:  8    Str: 10    XL:     6   Next: 69%
Magic:  8/8        EV: 12    Int: 14    God:
Gold:   139        SH:  0    Dex: 24    Spells: 5/5 levels left

rFire   . . .        Y - +0 shortbow
rCold   . . .        (shield currently unavailable)
rNeg    + . .        e - +0 ring mail
rPois   .            (no helmet)
rElec   .            b - +2 cloak
rCorr   .            (no gloves)
SInv    .            (no boots)
Will    .....        (no amulet)
Stlth   ++           f - +6 ring of dexterity
HPRegen 0.25/turn    i - ring of positive energy
MPRegen 0.11/turn

%: no passive effects
@: no status effects
A: no striking features
a: no special abilities


You were on level 4 of the Dungeon.
You visited 1 branch of the dungeon, and saw 4 of its levels.

You collected 209 gold pieces.
You spent 70 gold pieces at shops.


   Skills:
 - Level 2.0 Fighting
 - Level 10.1 Ranged Weapons
 + Level 0.4 Armour
 - Level 3.1 Dodging
 - Level 1.2 Stealth


You had 5 spell levels left.
You didn't know any spells.
Your spell library was empty.

Inventory:

Hand Weapons
 Y - a +0 shortbow (weapon)
Armour
 b - a +2 cloak (worn)
 e - a +0 ring mail (worn)
Jewellery
 f - a +6 ring of dexterity (left hand)
 i - a ring of positive energy (right hand)
Scrolls
 a - a scroll of teleportation
 h - a scroll of identify
Potions
 d - a potion of enlightenment
 g - a potion of cancellation {unknown}

Dungeon Overview and Level Annotations

Branches:
Dungeon (4/15)             Temple (0/1) D:4

Altars:

Shops:
D:2 ?

Annotations:
D:4 1 runed translucent door, Crazy Yiuf, Robin


Message History

The orc completely misses you. The orc wizard casts a spell at you.
The puff of flame misses you.
The ufetubus hits you but does no damage.
The ufetubus barely misses you. The orc hits you but does no damage.
The orc wizard hits you but does no damage.
The ufetubus completely misses you. The ufetubus misses you.
The ufetubus barely misses you. x2; The orc hits you but does no damage.
The orc wizard casts a spell.
The orc wizard flickers and vanishes!
Deactivating autopickup; reactivate with Ctrl-A.
The ufetubus barely misses you. The ufetubus misses you.
The orc barely misses you. Something hits you but does no damage.
The ufetubus barely misses you. x2
The ufetubus misses you. The ufetubus closely misses you. The orc misses you.
Something hits you but does no damage.
The ufetubus hits you but does no damage.
The ufetubus barely misses you. The orc hits you with a +0 dagger.
Something hits you but does no damage. The ufetubus closely misses you.
The ufetubus hits you but does no damage.
The ufetubus hits you but does no damage. x2
The orc barely misses you.
You hear some strange, mumbled words.
A magic dart appears from out of thin air!
The magic dart hits you. The ufetubus barely misses you.
The ufetubus misses you. The orc hits you with a +0 dagger.
You hear some strange, mumbled words.
A puff of flame appears from out of thin air!
The puff of flame hits you!
The ufetubus hits you but does no damage.
The ufetubus barely misses you.
You feel less confused.
The ufetubus closely misses you. x2; The orc closely misses you.
You hear some strange, mumbled words.
A magic dart appears from out of thin air!
The magic dart hits you.
You die...

#ohSo....
#.# .#...#
##### ###
#..SS#
)..>#
#)..# #.##
...#oo#
....#
#...# #..#
.. ...#
....# ...
#..# #
.##.#
#)..# #+#
#... ..
..# #o..#
#.## #..#
## ..#
######5o.#
##.# #.##
..#
#<%%..@{#
#.## #..#
#.#######
##.# ##..
#.# ##.##
#... #.#
##...#
#... #.#
#....#
#... ..#
#....#
#... ###
#+..+#
#...
#####....#
#...
#...##...#
#..)


You could see 2 orcs and an ufetubus.

Vanquished Creatures
  Eustachio (D:4)
  3 hounds (D:4)
  10 adders
  A white imp (D:3)
  A worm (D:2)
  3 dart slugs
  12 orcs
  10 endoplasms
  6 giant cockroaches
  12 goblins
  6 hobgoblins
  A jackal (D:1)
  5 quokkas
  A ball python (D:3)
  10 bats
  2 kobolds
  5 rats
89 creatures vanquished.

Notes
Turn   | Place    | Note
-------+----------+-------------------------------------------
     0 | D:1      | qw the Deep Elf Hunter began the quest for the Orb.
     0 | D:1      | Reached XP level 1. HP: 12/12 MP: 3/3
     0 | D:1      | 0 ||| qw: Version: 0.3-a-22-g0ed2b0b
     0 | D:1      | 0 ||| qw: Game counter: 5594
     0 | D:1      | 0 ||| qw: Melee chars always use a shield: true
     0 | D:1      | 0 ||| qw: God list: Okawaru
     0 | D:1      | 0 ||| qw: Allow faded altars: false
     0 | D:1      | 0 ||| qw: Do Orc after clearing Dungeon:15 true
     0 | D:1      | 0 ||| qw: Do second Lair branch before Depths: true
     0 | D:1      | 0 ||| qw: Lair rune preference: random
     0 | D:1      | 0 ||| qw: Goals: Normal
     0 | D:1      | 0 ||| PLANNING D:1-11
    52 | D:1      | Reached skill level 6 in Ranged Weapons
    52 | D:1      | Reached XP level 2. HP: 16/16 MP: 4/4
    65 | D:1      | Noticed a golden eye
    67 | D:1      | Noticed an eye of devastation
    72 | D:1      | Found a faded altar of an unknown god.
    79 | D:1      | Noticed a great orb of eyes
    79 | D:1      | Noticed a shining eye
   453 | D:1      | Reached XP level 3. HP: 20/20 MP: 5/5
   676 | D:1      | 676 ||| UPGRADING to +6 ring of dexterity.
   677 | D:1      | 677 ||| READING scroll labelled BAED LUNNUBOIR.
   678 | D:1      | 678 ||| READING 2 scrolls labelled DIADIM YTEI.
   679 | D:1      | 679 ||| READING 2 scrolls labelled YKHUCZ XODAIK.
   680 | D:1      | 680 ||| READING scroll labelled DISHOC GEBY.
   681 | D:1      | 681 ||| DROPPING scroll of butterflies.
   775 | D:2      | Found Cutte's Magic Scroll Boutique.
   784 | D:2      | 784 ||| BUYING scroll of identify (28 gold).
   784 | D:2      | Bought a scroll of identify for 28 gold pieces
   784 | D:2      | 784 ||| BUYING scroll of teleportation (42 gold).
   784 | D:2      | Bought a scroll of teleportation for 42 gold pieces
   804 | D:2      | Reached skill level 7 in Ranged Weapons
  1074 | D:2      | 1074 ||| UPGRADING to +0 cloak.
  1079 | D:2      | 1079 ||| READING scroll of enchant armour.
  1079 | D:2      | 1079 ||| ENCHANTING +0 cloak.
  1080 | D:2      | 1080 ||| READING 2 scrolls of identify.
  1080 | D:2      | 1080 ||| IDENTIFYING purple potion
  1099 | D:3      | 1099 ||| STAIRDANCE
  1102 | D:2      | Reached skill level 3 in Dodging
  1102 | D:2      | Reached XP level 4. HP: 23/25 MP: 6/6
  1252 | D:3      | 1252 ||| READING scroll of enchant armour.
  1252 | D:3      | 1252 ||| ENCHANTING +1 cloak.
  1578 | D:3      | Identified the +1 leather armour of Peek-a-Boo {rElec rC+
                  | Slay-2 Stlth+}
  1702 | D:3      | Reached skill level 8 in Ranged Weapons
  1839 | D:3      | 1839 ||| UPGRADING to +0 ring mail.
  1849 | D:3      | 1849 ||| DROPPING +0 leather armour.
  1850 | D:3      | 1850 ||| DROPPING +1 leather armour of Peek-a-Boo {rElec
                  | rC+ Slay-2 Stlth+}.
  1851 | D:3      | 1851 ||| UPGRADING to ring of positive energy.
  1852 | D:3      | 1852 ||| READING scroll labelled YDDEFUGEIS.
  1853 | D:3      | 1853 ||| READING scroll labelled KITHRI QUNONI.
  1854 | D:3      | 1854 ||| READING scroll labelled BECRIA WONGE.
  1855 | D:3      | 1855 ||| DRINKING 2 bubbling emerald potions.
  1856 | D:3      | 1856 ||| READING 2 scrolls of identify.
  1856 | D:3      | 1856 ||| IDENTIFYING silvery potion
  1857 | D:3      | 1857 ||| DROPPING potion of magic.
  1859 | D:3      | 1859 ||| Stepping ~*~*~tactically~*~*~ (cloud).
  1868 | D:3      | HP: 6/25 [poisoned by you (poison gas)]
  1969 | D:4      | Reached XP level 5. HP: 25/29 MP: 7/7
  1969 | D:4      | 1969 ||| STAIRDANCE
  2010 | D:4      | Noticed Eustachio
  2023 | D:4      | HP: 7/29 [something/magic dart (10)]
  2024 | D:4      | 2024 ||| READING 5 scrolls of teleportation.
  2026 | D:4      | HP: 2/29 [something (3)]
  2200 | D:4      | Found a runed translucent door.
  2201 | D:4      | Noticed Crazy Yiuf
  2318 | D:4      | Found a staircase to the Ecumenical Temple.
  2319 | D:4      | 2319 ||| PLANNING TEMPLE
  2319 | D:4      | 2319 ||| READING scroll labelled POBIGU PISIO.
  2320 | D:4      | 2320 ||| READING scroll labelled VEACLI QIDIRE.
  2332 | D:4      | Noticed Robin
  2338 | D:4      | Reached skill level 9 in Ranged Weapons
  2340 | D:4      | HP: 6/29 [goblin/+0 dagger[Robin] (5)]
  2341 | D:4      | 2341 ||| READING 4 scrolls of teleportation.
  2344 | D:4      | 2344 ||| READING 3 scrolls of teleportation.
  2349 | D:4      | 2349 ||| READING 2 scrolls of teleportation.
  2350 | D:4      | HP: 5/30 [adder (2)]
  2352 | D:4      | HP: 2/30 [poisoned by an adder]
  2353 | D:4      | 2353 ||| DRINKING potion of curing.
  2353 | D:4      | 2353 ||| (to cure poison)
  2354 | D:4      | 2354 ||| FLEEEEING.
  2355 | D:4      | 2355 ||| FLEEEEING.
  2356 | D:4      | 2356 ||| FLEEEEING.
  2357 | D:4      | 2357 ||| STAIRDANCE
  2436 | D:4      | Reached XP level 6. HP: 31/35 MP: 8/8
  2466 | D:4      | Killed Eustachio
  2467 | D:4      | Reached skill level 10 in Ranged Weapons
  2524 | D:4      | HP: 3/35 [something/puff of flame (8)]
  2525 | D:4      | Killed from afar by an orc wizard

Levels and vault maps discovered:
D:1:      saegor_arrival_simple_b, layout_loops_cross,
          hellmonk_ecumenical_altar_watching_god, minmay_heptomino_o4
D:2:      layout_basic, serial_shops, nicolae_shop_crystal
D:3:      layout_basic
D:4:      layout_loops_ring, minmay_temple_entry_junction_2, uniq_robin,
          uniq_crazy_yiuf_cottage, uniq_eustachio

Skill      XL: |  1  2  3  4  5  6 |
---------------+-------------------+-----
Ranged Weapons | 6 7 8 9 10 | 10.1
Dodging        | 3 |  3.1
Fighting       | 2 |  2.0
Armour         | |  0.4
Stealth        | |  1.2

Action                     |  1- 3 |  4- 6 || total
---------------------------+-------+-------++-------
   Fire: Shortbow          |    93 |   153 ||   246
    Use: Scroll            |     6 |    11 ||    17
         Potion            |       |     2 ||     2
 Armour: Leather armour    |     3 |     3 ||     6
         Ring mail         |       |    78 ||    78
  Dodge: Dodged            |    18 |   115 ||   133

Table legend:
 A = Non-vault XP
 B = Vault XP
 C = Vault XP percentage of total XP
 D = Non-vault monster count
 E = Vault monster count
 F = Vault count percentage of total count
                 A         B        C        D         E       F
            +---------+---------+-------+---------+---------+-------
      Total |     412 |     215 |  34.3 |      81 |       8 |   9.0
            +---------+---------+-------+---------+---------+-------
        D:1 |      47 |       5 |   9.6 |      24 |       3 |  11.1
        D:2 |      53 |       0 |   0.0 |      15 |       0 |   0.0
        D:3 |      82 |       0 |   0.0 |      23 |       0 |   0.0
        D:4 |     230 |     210 |  47.7 |      19 |       5 |  20.8
            +---------+---------+-------+---------+---------+-------
